 Dungeon Crawl Stone Soup version 0.29.1-1-gd02db6906a (webtiles) character file.

Game seed: 16944902498847691799

3980 corgi the Covert (level 10, 0/64 HPs)
             Began as a Kobold Delver on Oct 14, 2022.
             Was a Priest of Dithmenos.
             Slain by a hornet (8 damage)
             ... on level 8 of the Dungeon.
             The game lasted 00:38:23 (9103 turns).

corgi the Covert (Kobold Delver)                    Turns: 9103, Time: 00:38:24

Health: 0/64       AC: 12    Str: 15    XL:     10   Next: 46%
Magic:  7/11       EV: 22    Int: 15    God:    Dithmenos [***...]
Gold:   384        SH:  0    Dex: 24    Spells: 9/9 levels left

rFire   . . .      SeeInvis .   c - +1 short sword (elec)
rCold   . . .      Faith    .   (no shield)
rNeg    . . .      Spirit   .   k - +4 robe of Augmentation {Str+4 Int+4 Dex+4}
rPois   +          Reflect  .   (no helmet)
rElec   .          Harm     .   (no cloak)
rCorr   .          Rampage  .   F - +1 pair of gloves
Will    .....                   (no boots)
Stlth   ++++++++++              x - amulet of magic regeneration
HPRegen 0.20/turn               t - ring of poison resistance
MPRegen 0.52/turn               q - +4 ring of protection

@: wreathed by umbra
A: small, no large weapons, nightstalker 3
a: Renounce Religion, Shadow Step


You were on level 8 of the Dungeon.
You worshipped Dithmenos.
Dithmenos was most pleased with you.
You visited 2 branches of the dungeon, and saw 9 of its levels.

You collected 384 gold pieces.

Inventory:

Hand Weapons
 a - a +4 dagger
 b - a +0 shortbow
 c - a +1 short sword of electrocution (weapon)
 n - a +0 rapier
 v - a +0 sling
 y - a +0 dagger of electrocution
 A - a +0 short sword of protection
Armour
 k - the +4 robe of Augmentation (worn) {Str+4 Int+4 Dex+4}
   (You found it on level 2 of the Dungeon)

   Str:       It affects your strength (+4).
   Int:       It affects your intelligence (+4).
   Dex:       It affects your dexterity (+4).
 F - a +1 pair of gloves (worn)
Magical Staves
 h - a staff of cold
Jewellery
 o - a ring of willpower
 q - a +4 ring of protection (right hand)
 r - a +6 ring of intelligence
 s - a +6 ring of strength
 t - a ring of poison resistance (left hand)
 x - an amulet of magic regeneration (around neck)
Wands
 g - a wand of digging (3)
 i - a wand of acid (4)
 l - a wand of paralysis (3)
 C - a wand of iceblast (10)
Scrolls
 d - 2 scrolls of magic mapping
 e - 2 scrolls of fear
 w - a scroll of identify
 z - a scroll of amnesia
 B - 3 scrolls of teleportation
 G - a scroll of blinking
 H - 4 scrolls of fog
 I - a scroll of silence {unknown}
Potions
 f - 2 potions of heal wounds
 j - a potion of berserk rage
 m - a potion of haste
 p - a potion of flight
 u - a potion of attraction
 E - a potion of lignification
 J - 2 potions of degeneration {unknown}


   Skills:
 + Level 7.9 Fighting
 + Level 9.0 Short Blades
 - Level 3.0 Ranged Weapons
 + Level 8.2 Dodging
 * Level 13.4 Stealth
 - Level 2.0 Invocations


You had 9 spell levels left.
You didn't know any spells.
Your spell library contained the following spells:

 Spells                   Type           Power      Damage    Failure   Level
 Beastly Appendage        Tmut           0%         N/A       26%         1
 Summon Small Mammal      Summ           0%         N/A       26%         1
 Wereblood                Tmut           0%         N/A       38%         2
 Call Canine Familiar     Summ           0%         N/A       63%         3
 Frozen Ramparts          Ice            0%         1d1       63%         3
 Portal Projectile        Hex/Tloc       0%         N/A       63%         3
 Spider Form              Tmut/Pois      0%         N/A       63%         3
 Summon Guardian Golem    Hex/Summ       0%         N/A       63%         3
 Tukima's Dance           Hex            0%         N/A       63%         3
 Ice Form                 Ice/Tmut       0%         N/A       95%         4
 Summon Ice Beast         Ice/Summ       0%         N/A       95%         4
 Blade Hands              Tmut           0%         N/A       100%        5
 Irradiate                Conj/Tmut      0%         3d11      100%        5
 Dragon Form              Tmut           0%         N/A       100%        7


Dungeon Overview and Level Annotations

Branches:
Dungeon (8/15)             Temple (1/1) D:4
   Lair: D:8-11

Altars:
Ashenzari
Cheibriados
Dithmenos
Elyvilon
Fedhas
Gozag
Hepliaklqana
Kikubaaqudgha
Makhleb
Nemelex Xobeh
Qazlal
Ru
Sif Muna
Trog
Uskayaw
Vehumet
Wu Jian
Yredelemnul
Zin
The Shining One

Annotations:
D:6 1 runed translucent door, fireball365's ghost, novice MiFi
D:8 exclusion: ice statue


Innate Abilities, Weirdness & Mutations

You are small and have problems with some larger weapons.
You are completely attuned to the shadows.


Message History

You closely miss the hornet. The wyvern misses you.
The hornet stings you but does no damage.
The wyvern barely misses you.
As you read the scroll of fog, it crumbles to dust.
The scroll dissolves into smoke.
The hornet completely misses you. The wyvern barely misses you.
The wyvern attacks as you move away! The wyvern misses you.
The hornet barely misses you. The wyvern completely misses you.
The hornet attacks as you move away! The hornet stings you!
The wyvern attacks as you move away! The wyvern completely misses you.
You hit the hornet. Lightning courses through the hornet!!
The hornet is severely wounded.
The hornet completely misses you. The wyvern closely misses you.
You closely miss the hornet.
The hornet is severely wounded.
The hornet misses you. The wyvern completely misses you.
You hit the hornet but do no damage.
The hornet is severely wounded.
The hornet closely misses you. The wyvern bites you.
You completely miss the hornet.
The hornet is severely wounded.
The hornet misses you. The wyvern completely misses you.
You closely miss the hornet.
The hornet is severely wounded.
The hornet stings you.
* * * LOW HITPOINT WARNING * * *
You are poisoned.
You feel yourself slow down. The wyvern misses you.
You feel better. The hornet completely misses you.
The wyvern closely misses you. The hornet closely misses you.
The wyvern hisses menacingly.
The wyvern bites you!
* * * LOW HITPOINT WARNING * * *
Aiming: Shadow Step
Press: ? - help, Dir - move target, f - wyvern
Aim: a wyvern (black smoke, moderately wounded, umbra)
You step into the wyvern's shadow.
You feel yourself speed up. The hornet stings you!
You die...

... ..... ..... ...##
#####..#§ .....
#..§.§... ...##....
#....§.§.............
#...§.§§.............
##l@§§c.............
##§y§§§.....#........
#§§§§§§....###..#....
###§§§§........##...#
#####........###..#
##....#### ####
#..)...# ##.....#
##...##


You could see a hornet and a wyvern.

Vanquished Creatures
  Pikel (D:6)
  A hornet (D:7)
  Sigmund (D:3)
  A steam dragon (D:8)
  Edmund (D:5)
  A water moccasin (D:7)
  Duvessa (D:6)
  3 sky beasts
  2 black bears (D:5)
  An orc warrior (D:6)
  3 ice beasts
  A centaur (D:7)
  2 phantoms
  2 lemures (D:6)
  5 kobold brigands
  A bullfrog (D:7)
  A necrophage (D:4)
  A scorpion (D:6)
  5 wights
  Dowan (D:6)
  A howler monkey (D:6)
  6 hounds
  6 orc priests
  Crazy Yiuf (D:7)
  Ijyb (D:5)
  2 iguanas (D:7)
  4 orc wizards
  6 adders
  A gnoll (D:5)
  2 shadow imps
  2 white imps (D:6)
  4 worms
  3 dart slugs
  14 orcs
  10 ball pythons
  10 bats
  8 endoplasms
  2 giant cockroaches
  7 goblins
  7 hobgoblins
  4 jackals (D:2)
  31 kobolds
  3 quokkas (D:1)
  4 frilled lizards
  2 rats
176 creatures vanquished.

Notes
Turn   | Place    | Note
-------+----------+-------------------------------------------
     0 | D:5      | corgi the Kobold Delver began the quest for the Orb.
     0 | D:5      | Reached XP level 1. HP: 14/14 MP: 1/1
    57 | D:5      | Noticed Ijyb
    63 | D:5      | Noticed a necrophage
    93 | D:5      | Noticed an ice beast
   128 | D:5      | Noticed a hound
   157 | D:5      | Found an ancient bone altar of Kikubaaqudgha.
   269 | D:4      | Noticed a hound
   280 | D:4      | Killed a hound
   281 | D:4      | Reached XP level 2. HP: 8/20 MP: 2/2
   281 | D:4      | Reached XP level 3. HP: 10/24 MP: 3/3
   286 | D:4      | Reached skill level 7 in Stealth
   336 | D:4      | Found a staircase to the Ecumenical Temple.
   342 | Temple   | Entered the Ecumenical Temple
   352 | Temple   | HP: 1/24 [hound (3)]
   357 | Temple   | Reached XP level 4. HP: 2/29 MP: 4/4
  1005 | Temple   | Became a worshipper of Dithmenos the Shadowed
  1134 | D:2      | Found the +4 robe of Augmentation {Str+4 Int+4 Dex+4}
  1519 | D:1      | You fall into a shaft and drop 1 floor!
  1570 | D:1      | Reached XP level 5. HP: 30/33 MP: 5/5
  2501 | D:2      | Found a faded altar of an unknown god.
  2537 | D:2      | Found a sacrificial altar of Ru.
  2547 | D:2      | Reached * piety under Dithmenos
  3012 | D:3      | Noticed Sigmund
  3016 | D:3      | Reached skill level 1 in Ranged Weapons
  3077 | D:3      | Killed Sigmund
  3078 | D:3      | Reached XP level 6. HP: 10/39 MP: 6/6
  3381 | D:3      | Reached skill level 8 in Stealth
  3381 | D:3      | Reached XP level 7. HP: 12/44 MP: 7/7
  3937 | D:3      | Reached skill level 5 in Short Blades
  4106 | D:3      | Identified the +5 whip "Wuqiph" {vorpal, Stlth+}
  5380 | D:4      | Reached skill level 5 in Fighting
  5380 | D:4      | Reached skill level 1 in Invocations
  5546 | D:5      | Reached ** piety under Dithmenos
  5547 | D:5      | Reached skill level 5 in Dodging
  5667 | D:5      | Reached XP level 8. HP: 49/49 MP: 9/9
  5740 | D:5      | Killed Ijyb
  5753 | D:5      | Noticed Edmund
  5774 | D:5      | Killed Edmund
  5775 | D:5      | Reached skill level 9 in Stealth
  6210 | D:6      | Found an opulent altar of Gozag.
  6400 | D:6      | Noticed Dowan
  6402 | D:6      | Noticed fireball365's ghost (novice MiFi)
  6448 | D:6      | Reached skill level 10 in Stealth
  6450 | D:6      | Reached XP level 9. HP: 35/55 MP: 10/10
  6473 | D:6      | Noticed Pikel
  6478 | D:6      | Found a runed translucent door.
  6551 | D:6      | Noticed Duvessa
  6560 | D:6      | Killed Duvessa
  6572 | D:6      | Killed Dowan
  6758 | D:7      | Reached skill level 11 in Stealth
  7089 | D:7      | Noticed a hornet
  7135 | D:7      | Killed a hornet
  7282 | D:7      | Reached *** piety under Dithmenos
  7380 | D:7      | Found a runed translucent door.
  7383 | D:7      | Noticed Crazy Yiuf
  7388 | D:7      | Killed Crazy Yiuf
  7687 | D:7      | Reached skill level 12 in Stealth
  7798 | D:7      | Reached XP level 10. HP: 63/63 MP: 11/11
  8500 | D:6      | Killed Pikel
  8501 | D:6      | Reached skill level 13 in Stealth
  8833 | D:8      | Noticed an ice statue
  9103 | D:8      | Slain by a hornet

Illustrated notes

Levels and vault maps discovered:
D:1:      lightli_iron_boxes, layout_basic, minivault_24, dreamdust_wishing_well
D:2:      layout_rooms, basic_altar, hellmonk_ecumenical_altar_run_dry,
          minmay_tall_x
D:3:      minmay_spotlight, layout_basic, minmay_misc_feat_cross,
          kennysheep_generic_room_4, uniq_sigmund
D:4:      layout_rooms, minmay_temple_entry_trees, minivault_1,
          nicolae_underground_beach
D:5:      layout_layer_cave, kiku_gazebo_pond_becter, grunt_ministairs_8,
          uniq_ijyb, uniq_edmund
D:6:      layout_rooms, old_standard_altar, hellmonk_ghost_happy_afterlife,
          uniq_pikel, uniq_duvessa
D:7:      layout_gridville, uniq_crazy_yiuf_cottage
D:8:      lemuel_ice_statue, layout_cave_pools, xom_shifter_show, serial_shops,
          shop, minmay_misc_feat_tower, minmay_tree_intersection,
          ebering_dispersal_statue_hall, uniq_maurice
Temple:   minmay_temple_bridge_d

Skill      XL: |  1  2  3  4  5  6  7  8  9 10 |
---------------+-------------------------------+-----
Short Blades   | 3 4 5 6 8 9 |  9.0
Dodging        | 3 4 5 6 7 8 |  8.2
Stealth        | 7 8 10 12 13 | 13.4
Fighting       | 4 5 6 7 |  7.9
Ranged Weapons | 2 3 |  3.0
Invocations    | 2 |  2.0

Action                   |  1- 3 |  4- 6 |  7- 9 | 10-12 || total
-------------------------+-------+-------+-------+-------++-------
Melee: Short sword       |    29 |   192 |   306 |    76 ||   603
       Punch             |       |     4 |     2 |     5 ||    11
       Dagger            |       |       |       |    94 ||    94
 Fire: Shortbow          |       |     1 |     2 |       ||     3
Invok: Shadow Step       |       |       |       |     1 ||     1
  Use: Potion            |     2 |       |     6 |     1 ||     9
       Scroll            |       |       |    13 |     2 ||    15
 Stab: Sleeping          |     1 |    32 |    26 |     6 ||    65
       Distracted        |       |       |     1 |       ||     1
Armor: Leather armour    |     3 |       |       |       ||     3
       Robe              |       |    44 |    56 |    25 ||   125
Dodge: Dodged            |    29 |   124 |   209 |   146 ||   508
